 Dungeon Crawl Stone Soup version 0.27.0-1-g7a089689b8 (webtiles) character file.

Game seed: 10973401865195455755

2326 Rrauwl the Blocker (level 9, -7/52 HPs)
             Began as a Gargoyle Fighter on Aug 14, 2021.
             Was a Priest of Qazlal.
             Mangled by a two-headed ogre (22 damage)
             ... on level 9 of the Dungeon.
             The game lasted 00:27:41 (6271 turns).

Rrauwl the Blocker (Gargoyle Fighter)               Turns: 6271, Time: 00:27:41

Health: -7/52      AC: 18    Str: 25    XL:     9   Next: 42%
Magic:  12/12      EV: 10    Int:  9    God:    Qazlal [***...]
Gold:   460        SH: 15    Dex: 10    Spells: 9/11 levels left

rFire    + . .     SeeInvis .   g - +3 demon blade (drain)
rCold    + . .     Faith    .   c - +0 kite shield
rNeg     + . .     Spirit   .   a - +2 ring mail {rF+}
rPois    ∞         Reflect  .   t - +0 helmet
rElec    +         Harm     .   e - +0 cloak
rCorr    .         Rampage  .   n - +1 pair of gloves "Erchael" {Fly rC+ Regen+ Str+3}
Will     .....                  (no boots)
Stlth    +.........             C - amulet of magic regeneration
HPRegen  1.17/turn              D - ring of wizardry
MPRegen  0.38/turn              k - ring of wizardry

@: flying
A: sickness immunity, AC +6, negative energy resistance 1, electricity
resistance, torment resistance 1, petrification resistance
a: Renounce Religion, Upheaval, Elemental Force


You were on level 9 of the Dungeon.
You worshipped Qazlal.
Qazlal was most pleased with you.
You visited 2 branches of the dungeon, and saw 10 of its levels.

You collected 460 gold pieces.

Inventory:

Hand Weapons
 g - a +3 demon blade of draining (weapon)
 s - a +0 shortbow
 y - the +7 dagger "Diubad Eppo" {pain, rElec rPois Int-2}
   (You found it on level 7 of the Dungeon)

   In the hands of one skilled in necromantic magic, it inflicts extra damage on
   living creatures.
   Int:       It affects your intelligence (-2).
   rElec:     It insulates you from electricity.
   rPois:     It protects you from poison.
Missiles
 h - 8 boomerangs (quivered)
 p - 109 arrows
 u - 39 bolts
 E - 2 throwing nets
Armour
 a - a +2 ring mail of fire resistance (worn)
 c - a +0 kite shield (worn)
 e - a +0 cloak (worn)
 n - the +1 pair of gloves "Erchael" (worn) {Fly rC+ Regen+ Str+3}
   (You acquired it on level 2 of the Dungeon)

   Str:       It affects your strength (+3).
   rC:        It protects you from cold.
   Fly:       It grants you flight.
   Regen:     It increases your rate of health regeneration.
 t - a +0 helmet (worn)
Magical Staves
 v - a staff of air
 w - a staff of air
 x - a staff of conjuration
Jewellery
 j - a ring of magical power
 k - a ring of wizardry (right hand)
 q - an amulet of regeneration
 C - an amulet of magic regeneration (around neck)
 D - a ring of wizardry (left hand)
Wands
 b - a wand of paralysis (1)
 r - a wand of iceblast (10)
Scrolls
 f - 3 scrolls of fog
 i - 6 scrolls of identify
 l - 2 scrolls of amnesia
 m - a scroll of silence
 A - a scroll of torment
 B - 3 scrolls of teleportation
Potions
 d - a potion of curing
 o - a potion of brilliance
 z - a potion of heal wounds
 F - a potion of might
 G - a potion of attraction
 H - a potion of haste


   Skills:
 - Level 4.0 Fighting
 + Level 5.9 Long Blades
 - Level 3.0 Maces & Flails
 - Level 4.0 Armour
 - Level 2.0 Dodging
 - Level 2.0 Stealth
 + Level 8.0 Shields
 + Level 1.5 Spellcasting
 + Level 1.5 Translocations
 - Level 5.0 Invocations
 - Level 2.0 Evocations


You had 9 spell levels left.
You knew the following spells:

 Your Spells              Type           Power      Damage    Failure   Level
a - Blink                 Tloc           N/A        N/A       26%         2

Your spell library contained the following spells:

 Spells                   Type           Power      Damage    Failure   Level
 Magic Dart               Conj           0%         1d3       32%         1
 Passwall                 Tmut/Erth      0%         N/A       43%         2
 Searing Ray              Conj           0%         3d3       43%         2
 Fulminant Prism          Conj/Hex       0%         3d6       95%         4
 Manifold Assault         Tloc           3%         N/A       98%         5
 Bolt of Magma            Conj/Fire/Erth 0%         4d4       100%        5
 Storm Form               Tmut/Air       0%         N/A       100%        7
 Shatter                  Erth           0%         3d5*      100%        9


Dungeon Overview and Level Annotations

Branches:
Dungeon (9/15)             Temple (1/1) D:4
   Lair: D:8-11         Orc: D:9-12

Altars:
Ashenzari
Cheibriados
Dithmenos
Elyvilon
Fedhas
Gozag
Hepliaklqana
Kikubaaqudgha
Makhleb
Nemelex Xobeh
Okawaru
Qazlal
Ru
Sif Muna
Trog
Uskayaw
Vehumet
Wu Jian
Xom
Yredelemnul
The Shining One

Shops:
D:1 (


Innate Abilities, Weirdness & Mutations

You are immune to sickness and miasma.
Your stone body is resilient. (AC +6)
You are immune to poison.
You resist negative energy. (rN+)
You are resistant to electric shocks. (rElec)
You are resistant to unholy torment.
You are immune to petrification.


Message History

Found a hand axe.
Found a stone staircase leading down.
There is a stone staircase leading up here.
A two-headed ogre comes into view.
It is wielding two +0 giant spiked clubs.
Found 3 scrolls of fog.
Aiming: Paralyse
Press: ? - help, Shift-Dir - straight line, f - two-headed ogre
Aim: a two-headed ogre, wielding two +0 giant spiked clubs (chance to affect: 34%)
The two-headed ogre easily resists.
Aiming: Paralyse
Press: ? - help, Shift-Dir - straight line, f/p - two-headed ogre
Aim: a two-headed ogre, wielding two +0 giant spiked clubs (chance to affect: 34%)
The two-headed ogre easily resists.
Aiming: Paralyse
Press: ? - help, Shift-Dir - straight line, f/p - two-headed ogre
Aim: a two-headed ogre, wielding two +0 giant spiked clubs (chance to affect: 34%)
The two-headed ogre easily resists.
Aiming: Paralyse
Press: ? - help, Shift-Dir - straight line, f/p - two-headed ogre
Aim: a two-headed ogre, wielding two +0 giant spiked clubs (chance to affect: 34%)
The two-headed ogre easily resists.
The two-headed ogre hits you with a +0 giant spiked club!
You block the two-headed ogre's attack.
Aiming: Paralyse
Press: ? - help, Shift-Dir - straight line, f/p - two-headed ogre
Aim: a two-headed ogre, wielding two +0 giant spiked clubs (chance to affect: 34%)
The two-headed ogre easily resists.
The two-headed ogre barely misses you.
The two-headed ogre hits you with a +0 giant spiked club!
Aiming: Paralyse
Press: ? - help, Shift-Dir - straight line, f/p - two-headed ogre
Aim: a two-headed ogre, wielding two +0 giant spiked clubs (chance to affect: 34%)
The two-headed ogre easily resists.
The two-headed ogre closely misses you. You block the two-headed ogre's attack.
Aiming: Paralyse
Press: ? - help, Shift-Dir - straight line, f/p - two-headed ogre
Aim: a two-headed ogre, wielding two +0 giant spiked clubs (chance to affect: 34%)
The two-headed ogre easily resists.
The two-headed ogre hits you with a +0 giant spiked club!
* * * LOW HITPOINT WARNING * * *
The two-headed ogre hits you with a +0 giant spiked club!!
You die...

.... ?#.#
...# ... . .)
..# .# #
....#####.#.#
.......☼O○.>#
.......<@.###
..#########


You could see a two-headed ogre.

Vanquished Creatures
  Prince Ribbit (D:5)
  2 water moccasins
  An orc warrior (D:7)
  2 sky beasts
  A hornet zombie (D:5)
  3 centaurs
  2 gnoll sergeants
  2 bullfrogs
  2 scorpions
  A wyvern zombie (D:5)
  A howler monkey (D:7)
  2 gnoll shamans (D:8)
  3 orc priests
  4 hounds
  Jessica (D:3)
  A bullfrog skeleton (D:4)
  3 iguanas
  2 orc wizards
  A hound skeleton (D:4)
  4 adders
  24 gnolls
  A worm (D:3)
  3 dart slugs
  17 orcs
  3 bats
  7 endoplasms
  3 giant cockroaches
  16 goblins
  12 hobgoblins
  10 jackals
  4 quokkas
  6 ball pythons
  4 frilled lizards
  15 kobolds
  5 rats
169 creatures vanquished.

Notes
Turn   | Place    | Note
-------+----------+-------------------------------------------
     0 | D:1      | Rrauwl the Gargoyle Fighter began the quest for the Orb.
     0 | D:1      | Reached XP level 1. HP: 14/14 MP: 1/1
   190 | D:1      | Reached XP level 2. HP: 19/19 MP: 2/2
   697 | D:1      | Reached skill level 1 in Stealth
   697 | D:1      | Found Xuoph's Antique Weapon Boutique.
   747 | D:1      | Reached XP level 3. HP: 22/23 MP: 3/3
  1354 | D:2      | Found a faded altar of an unknown god.
  1360 | D:2      | Became a worshipper of Qazlal Stormbringer
  1360 | D:2      | Reached * piety under Qazlal
  1503 | D:2      | Learned a level 2 spell: Blink
  1547 | D:2      | Reached XP level 4. HP: 26/29 MP: 4/4
  1920 | D:2      | Identified a scroll of acquirement
  1920 | D:2      | Acquired the +1 pair of gloves "Erchael" {Fly rC+ Regen+
                  | Str+3}
  2118 | D:3      | Reached skill level 1 in Long Blades
  2124 | D:3      | Reached skill level 1 in Dodging
  2357 | D:3      | Reached skill level 1 in Invocations
  2586 | D:3      | Noticed Jessica
  2590 | D:3      | Killed Jessica
  2591 | D:3      | Reached XP level 5. HP: 33/33 MP: 5/5
  2654 | D:4      | Reached skill level 4 in Shields
  2681 | D:4      | Reached ** piety under Qazlal
  2866 | D:4      | Found a staircase to the Ecumenical Temple.
  2876 | Temple   | Entered the Ecumenical Temple
  3214 | D:4      | Reached XP level 6. HP: 38/38 MP: 7/7
  3318 | D:4      | Reached *** piety under Qazlal
  3664 | D:5      | Entered Level 5 of the Dungeon
  3746 | D:5      | Noticed Prince Ribbit
  3765 | D:5      | Killed Prince Ribbit
  3766 | D:5      | Reached skill level 5 in Shields
  3766 | D:5      | Reached XP level 7. HP: 36/43 MP: 9/9
  3820 | D:5      | Found an ancient bone altar of Kikubaaqudgha.
  4021 | D:5      | Reached skill level 1 in Evocations
  4270 | D:5      | Found a glowing golden altar of the Shining One.
  4301 | D:5      | Reached XP level 8. HP: 48/48 MP: 11/11
  4477 | D:5      | Found a shimmering altar of Xom.
  4673 | D:6      | Found a snail-covered altar of Cheibriados.
  4715 | D:6      | Reached skill level 6 in Shields
  4981 | D:6      | Reached skill level 5 in Long Blades
  4981 | D:6      | Reached skill level 7 in Shields
  5068 | D:7      | Reached XP level 9. HP: 45/52 MP: 12/12
  5161 | D:7      | Identified the +7 dagger "Diubad Eppo" {pain, rElec rPois
                  | Int-2}
  5276 | D:7      | Paralysed by a centaur for 6 turns
  5774 | D:8      | Found an ornate altar of the Wu Jian Council.
  5774 | D:8      | Found a sacrificial altar of Ru.
  5794 | D:8      | Reached skill level 1 in Spellcasting
  5794 | D:8      | Reached skill level 5 in Invocations
  5798 | D:8      | Reached skill level 1 in Translocations
  5816 | D:8      | Got the Catalogue of Stones
  6079 | D:8      | Reached skill level 8 in Shields
  6232 | D:8      | Found a broken altar of Ashenzari.
  6240 | D:8      | Found a shadowy altar of Dithmenos.
  6242 | D:8      | Found a stormy altar of Qazlal.
  6263 | D:9      | Noticed a two-headed ogre
  6271 | D:9      | Mangled by a two-headed ogre

Illustrated notes

Levels and vault maps discovered:
D:1:      lightli_iron_boxes, layout_basic, serial_shops, nicolae_diamond_shop
D:2:      layout_rooms, shapermc_ecumenical_altar_notcrosses
D:3:      layout_loops_ring, kennysheep_jessica_study
D:4:      corexii_shantytown, layout_loops_cross, minmay_temple_entry_arrows
D:5:      layout_gridville, mainiacjoe_overflow_catwalk, tso_altar,
          nicolae_overflow_hidden_temple, uniq_prince_ribbit1
D:6:      layout_basic, mainiacjoe_overflow_alcove_1
D:7:      layout_loops_cross
D:8:      layout_cave_pools, chequers_temple_overflow_minitemple
D:9:      layout_loops_ring, zin_treasury, uniq_maurice
Temple:   hc_temple_tempest_star

Skill      XL: |  1  2  3  4  5  6  7  8  9 |
---------------+----------------------------+-----
Stealth        | 1 2 |  2.0
Long Blades    | 1 3 5 |  5.9
Dodging        | 1 2 |  2.0
Invocations    | 1 2 3 4 5 |  5.0
Fighting       | 4 |  4.0
Armour         | 4 |  4.0
Shields        | 4 5 7 8 |  8.0
Evocations     | 1 2 |  2.0
Maces & Flails | 3 |  3.0
Spellcasting   | 1 |  1.5
Translocations | 1 |  1.5

Action                   |  1- 3 |  4- 6 |  7- 9 || total
-------------------------+-------+-------+-------++-------
Melee: Flail             |   122 |       |       ||   122
       Demon blade       |    12 |   192 |   182 ||   386
Invok: Elemental Force   |       |     1 |       ||     1
       Upheaval          |       |       |     1 ||     1
Evoke: Wand              |       |       |    12 ||    12
  Use: Scroll            |     2 |     7 |     3 ||    12
       Potion            |     2 |     8 |     2 ||    12
 Stab: Paralysed         |       |       |     2 ||     2
Armor: Scale mail        |    65 |    72 |       ||   137
       Ring mail         |       |     3 |   100 ||   103
Dodge: Dodged            |    42 |    54 |    63 ||   159
Block: Kite shield       |    77 |   109 |   158 ||   344
       Rpst.: Demon blade |     2 |    15 |    12 ||    29
